 Dungeon Crawl Stone Soup version 0.30-a0-737-gf23d94013f (webtiles) character file.

Game seed: 2137445914789260607

6792 Ijustatesigmund the Thaumaturge (level 10, -3/57 HPs)
             Began as a Deep Elf Earth Elementalist on Feb 2, 2023.
             Was a Follower of Vehumet.
             Slain by a vampire (6 damage)
             ... on level 9 of the Dungeon.
             The game lasted 00:39:12 (12528 turns).

Ijustatesigmund the Thaumaturge (DEEE)             Turns: 12528, Time: 00:39:13

Health: -3/57      AC:  8    Str:  7    XL:     10   Next: 76%
Magic:  7/27       EV: 12    Int: 23    God:    Vehumet [*.....]
Gold:   439        SH:  5    Dex: 15    Spells: 18/32 levels left

rFire   . . .      SeeInvis .    E - staff of earth
rCold   . . .      Faith    .    x - +0 buckler
rNeg    . . .      Spirit   .    a - +0 steam dragon scales
rPois   +          Reflect  .    y - +1 hat
rElec   .          Harm     .    (no cloak)
rCorr   .          Rampage  .    f - +0 pair of gloves
Will    +....                    t - +0 pair of boots
Stlth   ++                       g - amulet of regeneration
HPRegen 1.09/turn                v - ring of wizardry
MPRegen 0.20/turn                s - ring of poison resistance

@: no status effects
A: no striking features
a: Renounce Religion


You were on level 9 of the Dungeon.
You worshipped Vehumet.
Vehumet was aware of your devotion.
You visited 2 branches of the dungeon, and saw 11 of its levels.
You also visited: Sewer.

You collected 439 gold pieces.

Inventory:

Hand Weapons
 c - a +1 short sword
 w - a +0 rapier
Missiles
 e - 2 curare-tipped darts (quivered)
Armour
 a - +0 steam dragon scales (worn)
 f - a +0 pair of gloves (worn)
 t - a +0 pair of boots (worn)
 x - a +0 buckler (worn)
 y - a +1 hat (worn)
Magical Staves
 E - a staff of earth (weapon)
Jewellery
 g - an amulet of regeneration (around neck)
 j - a ring of resist corrosion
 s - a ring of poison resistance (right hand)
 v - a ring of wizardry (left hand)
 B - an amulet of the acrobat
Wands
 i - a wand of roots (11)
 m - a wand of polymorph (13)
 u - a wand of quicksilver (3)
 F - a wand of charming (1)
Scrolls
 r - a scroll of magic mapping
 z - 5 scrolls of teleportation
 A - a scroll of poison
Potions
 b - a potion of magic
 h - a potion of curing
 k - 2 potions of invisibility
 l - 2 potions of brilliance
 n - 3 potions of resistance
 o - a potion of cancellation
 p - a potion of haste
 q - a potion of mutation
 D - a potion of lignification
 G - a potion of berserk rage {unknown}


   Skills:
 - Level 4.2 Fighting
 - Level 2.4 Dodging
 - Level 2.4 Stealth
 - Level 4.0 Shields
 + Level 11.9 Spellcasting
 - Level 8.3 Conjurations
 + Level 4.5 Hexes
 - Level 2.3 Necromancy
 - Level 1.1 Transmutations
 - Level 5.2 Fire Magic
 - Level 5.0 Ice Magic
 - Level 4.0 Earth Magic
 + Level 3.2 Evocations


You had 18 spell levels left.
You knew the following spells:

 Your Spells              Type           Power      Damage    Failure   Level
a - Sandblast             Erth           96%        2d20      1%          1
b - Stone Arrow           Conj/Erth      100%       3d13      1%          3
c - Frozen Ramparts       Ice            74%        1d12      1%          3
d - Flame Wave            Conj/Fire      44%        2d11      1%          4
e - Kiss of Death         Conj/Necr      100%       2d13      1%          1
f - Ensorcelled Hibernat  Hex/Ice        70%        N/A       1%          2

Your spell library contained the following spells:

 Spells                   Type           Power      Damage    Failure   Level
 Foxfire                  Conj/Fire      100%       2x1d9     1%          1
 Freeze                   Ice            100%       1d10      1%          1
 Passwall                 Tmut/Erth      31%        N/A       1%          2
 Hailstorm                Conj/Ice       44%        3d10      1%          3
 Cigotuvi's Dreadful Rot  Necr/Pois/Air  34%        N/A       2%          2
 Mephitic Cloud           Conj/Pois/Air  26%        N/A       2%          3
 Poisonous Vapours        Pois/Air       26%        N/A       3%          2
 Iskenderun's Mystic Bla  Conj/Tloc      32%        2d8       4%          4
 Spider Form              Tmut/Pois      16%        N/A       6%          3
 Anguish                  Hex/Necr       14%        N/A       6%          4
 Petrify                  Tmut/Erth      38%        N/A       9%          4
 Lightning Bolt           Conj/Air       16%        1d30      12%         5
 Borgnjor's Vile Clutch   Necr/Erth      21%        N/A       17%         5
 Airstrike                Air            6%         2d(1-17)  24%         4
 Summon Lightning Spire   Summ/Air       13%        N/A       24%         4
 Alistair's Intoxication  Tmut/Pois      10%        N/A       45%         5
 Eringya's Noxious Bog    Tmut/Pois      8%         N/A       94%         6


Dungeon Overview and Level Annotations

Branches:
Dungeon (10/15)            Temple (1/1) D:6            Lair (0/5) D:9
    Orc (0/2) D:9           Sewer (visited)

Altars:
Ashenzari
Cheibriados
Dithmenos
Elyvilon
Fedhas
Gozag
Hepliaklqana
Kikubaaqudgha
Makhleb
Nemelex Xobeh
Okawaru
Qazlal
Ru
Sif Muna
Trog
Uskayaw
Vehumet
Wu Jian
Xom
Yredelemnul
Zin
The Shining One

Shops:
D:5 *   D:6 =   D:7 (

Annotations:
D:1 Terence
D:4 3 runed translucent doors, glosham's ghost, weakling KoHW
D:8 Joseph; Psyche


Message History

The vampire is almost destroyed.
The vampire draws life force from you!
* * * LOW HITPOINT WARNING * * *
The vampire is healed by the life force!
A wave of flame ripples out!
The flame wave engulfs the vampire!
The vampire is severely damaged.
You finish channelling waves of flame.
The vampire gestures wildly while chanting.
The vampire flickers and vanishes!
Deactivating autopickup; reactivate with Ctrl-A.
You feel much better. Something draws life force from you!!
* * * LOW HITPOINT WARNING * * *
You feel much better. Something hits you. You block something's attack.
Casting: Flame Wave (dangerous; 1% risk of failure)
Confirm with . or Enter, or press ? or * to list all spells.
You can't see any susceptible monsters within range! (Use Z to cast anyway.)
Casting: Flame Wave (dangerous; 1% risk of failure)
Confirm with . or Enter, or press ? or * to list all spells.
Casting: Flame Wave (dangerous; 1% risk of failure)
Press: ? - help, Dir - look around, f - activate A wave of flame ripples out!
The flame wave engulfs something. (Press . to intensify the flame waves.)
Something hits you but does no damage. Something bites you!
Something draws strength from your injuries!
A wave of flame ripples out!
The flame wave engulfs something.
Something hits you. Something bites you.
* * * LOW HITPOINT WARNING * * *
Something draws strength from your injuries!
A wave of flame ripples out!
The flame wave engulfs something!
You finish channelling waves of flame.
Something hits you.
* * * LOW HITPOINT WARNING * * *
Something bites you.
* * * LOW HITPOINT WARNING * * *
Something draws strength from your injuries!
Okay, then.
As you read the scroll of summoning, it crumbles to dust.
Wisps of shadow whirl around you... Something hits you!
* * * LOW HITPOINT WARNING * * *
Something bites you.
You die...

.######.# #'#.###'# #.# ##
##.## ##)#####)## #.#
#...###...###.).####.#
###...)'.....'.....)...#
#.....###...###...####.#
#....##.##.##.##.##.##.##
#.^.##...###yyy###...##.##
###.#.....#.oo.o#.....#..#
#.+..♣..'..@..o..♣..'..##
###.....#yyy{.#.....##..##
###...###.o.###...####..#
##.##.##.##.##.##.##.###.#
######.[.#'#...###...#'#...##.#
....'....†[..⌠..+..⌠..'.....'.#
######...###...###...###...##.#
##.##.##.##.##.##.##.###.#
###...###...###...#####.#


You could see a friendly orc warrior (summoned, wandering), 6 friendly killer
bees, 3 friendly orc wizards and a friendly orc (summoned, wandering).

Vanquished Creatures
  Prince Ribbit (D:5)
  Sigmund (D:3)
  A vampire (D:9)
  14 yaks
  A wyvern (D:9)
  A steam dragon (D:9)
  A vampire mosquito (D:7)
  2 water moccasins
  2 orc warriors
  A black bear (D:6)
  2 sky beasts (D:7)
  An ice beast (D:7)
  3 ogres
  2 centaurs
  2 phantoms
  5 kobold brigands
  A necrophage (D:5)
  4 bullfrogs
  2 gnoll sergeants (D:8)
  2 scorpions
  6 wights
  5 killer bees (D:9)
  2 jellies
  6 orc priests
  7 hounds
  Jessica (D:3)
  Natasha (D:3)
  3 iguanas
  5 orc wizards
  11 gnolls
  12 adders
  4 river rats (Sewer)
  4 shadow imps
  3 white imps
  3 worms
  16 orcs
  16 ball pythons
  15 endoplasms
  8 giant cockroaches
  7 goblins
  8 hobgoblins
  7 jackals
  5 quokkas
  7 bats
  6 frilled lizards
  29 kobolds
  9 rats
255 creatures vanquished.

Vanquished Creatures (collateral kills)
  A rat (Sewer)
1 creature vanquished.

Vanquished Creatures (others)
  9 plants (Sewer)
9 creatures vanquished.

Grand Total: 265 creatures vanquished

Notes
Turn   | Place    | Note
-------+----------+-------------------------------------------
     0 | D:1      | Ijustatesigmund the Deep Elf Earth Elementalist began the
                  | quest for the Orb.
     0 | D:1      | Reached XP level 1. HP: 10/10 MP: 6/6
   146 | D:1      | Found a faded altar of an unknown god.
   250 | D:1      | Reached XP level 2. HP: 15/15 MP: 5/8
   445 | D:1      | Reached skill level 4 in Spellcasting
   527 | D:1      | Reached XP level 3. HP: 19/19 MP: 7/10
   535 | D:1      | Learned a level 3 spell: Stone Arrow
   662 | D:1      | Learned a level 3 spell: Frozen Ramparts
  1353 | D:2      | Noticed Terence
  1533 | D:2      | Reached skill level 1 in Conjurations
  1650 | D:2      | Reached skill level 1 in Ice Magic
  1729 | D:2      | Reached XP level 4. HP: 24/24 MP: 10/12
  2205 | D:3      | Noticed Jessica
  2206 | D:3      | Killed Jessica
  2207 | D:3      | Reached skill level 5 in Spellcasting
  2315 | D:3      | Noticed Sigmund
  2322 | D:3      | Killed Sigmund
  2323 | D:3      | Reached XP level 5. HP: 24/28 MP: 5/15
  2323 | D:3      | Reached XP level 6. HP: 27/32 MP: 5/16
  2477 | D:3      | Noticed Natasha
  2480 | D:3      | Killed Natasha
  2481 | D:3      | Reached skill level 6 in Spellcasting
  3071 | D:4      | Found a glowing drain.
  3082 | Sewer    | Entered a sewer
  3186 | Sewer    | Reached XP level 7. HP: 20/36 MP: 13/18
  3492 | Sewer    | Reached skill level 7 in Spellcasting
  4165 | D:4      | Reached skill level 5 in Conjurations
  4312 | D:4      | Got the Vellum of Damage
  4499 | D:4      | Learned a level 4 spell: Flame Wave
  4638 | D:4      | Found a runed translucent gate.
  4638 | D:4      | Found a runed translucent gate.
  4638 | D:4      | Found a runed translucent gate.
  4642 | D:4      | Noticed glosham's ghost (weakling KoHW)
  4650 | D:4      | Identified the +10 dagger "Fied" {drain, Int+3}
  4650 | D:4      | Identified the +0 ring mail "Tatost" {Will++ Str+4}
  4685 | D:4      | Reached skill level 5 in Ice Magic
  5322 | D:5      | Entered Level 5 of the Dungeon
  5322 | D:5      | Found Zin's Purification Station.
  5322 | D:5      | Found a glowing silver altar of Zin.
  5339 | D:5      | Reached skill level 1 in Fire Magic
  5339 | D:5      | Reached XP level 8. HP: 41/41 MP: 11/21
  5524 | D:5      | Found an opulent altar of Gozag.
  5581 | D:5      | Reached skill level 8 in Spellcasting
  5871 | D:5      | Reached skill level 9 in Spellcasting
  6035 | D:5      | Reached XP level 9. HP: 37/45 MP: 17/24
  6259 | D:5      | Noticed Prince Ribbit
  6266 | D:5      | Killed Prince Ribbit
  6267 | D:5      | Reached skill level 5 in Fire Magic
  6271 | D:5      | Reached skill level 1 in Fighting
  6794 | D:6      | Reached skill level 1 in Shields
  6867 | D:6      | Found Zeboqisi's Jewellery Boutique.
  7179 | D:6      | Found a staircase to the Ecumenical Temple.
  7192 | Temple   | Entered the Ecumenical Temple
  7589 | D:6      | Found a stormy altar of Qazlal.
  7719 | D:6      | Found a sacrificial altar of Ru.
  7719 | D:6      | Found a broken altar of Ashenzari.
  7719 | D:6      | Found an ancient bone altar of Kikubaaqudgha.
  7720 | D:6      | Found a glowing golden altar of the Shining One.
  7720 | D:6      | Found a white marble altar of Elyvilon.
  7721 | D:6      | Found a snail-covered altar of Cheibriados.
  7722 | D:6      | Found a blossoming altar of Fedhas.
  7722 | D:6      | Found a shimmering blue altar of Sif Muna.
  7723 | D:6      | Found a shadowy altar of Dithmenos.
  7729 | D:6      | Found a radiant altar of Vehumet.
  7729 | D:6      | Found an iron altar of Okawaru.
  7738 | D:6      | Became a worshipper of Vehumet
  7787 | D:7      | Found Ufowa's Antique Weapon Boutique.
  8578 | D:7      | Reached skill level 10 in Spellcasting
  8578 | D:7      | Reached XP level 10. HP: 57/57 MP: 20/26
  9555 | D:8      | Reached * piety under Vehumet
  9555 | D:8      | Offered knowledge of Kiss of Death by Vehumet.
  9558 | D:8      | Learned a level 1 spell: Kiss of Death
  9784 | D:8      | Reached skill level 1 in Necromancy
  9843 | D:8      | Noticed Psyche
  9878 | D:8      | Noticed Joseph
 10063 | D:9      | Learned a level 2 spell: Ensorcelled Hibernation
 10125 | D:9      | Reached skill level 11 in Spellcasting
 10311 | D:9      | Found a staircase to the Lair.
 10357 | D:9      | Reached skill level 1 in Hexes
 10423 | D:9      | Found a bloodstained altar of Trog.
 11154 | D:9      | Found a staircase to the Orcish Mines.
 11391 | D:9      | Reached skill level 1 in Evocations
 11988 | D:10     | Entered Level 10 of the Dungeon
 12521 | D:9      | HP: 1/57 [vampire/vampiric draining (17)]
 12528 | D:9      | Slain by a vampire

Illustrated notes

Levels and vault maps discovered:
D:1:      mrwooster_arrival_arrow, layout_rooms,
          hellmonk_ecumenical_altar_leap_of_faith, minmay_pentomino_p4
D:2:      layout_rooms, serial_glass, glass_columns_b, glass_columns_a,
          glass_columns_b, glass_columns_b, glass_columns_a, glass_columns_a,
          glass_columns_a, glass_columns_c, minmay_misc_feat_roman,
          minmay_misc_feat_cross, uniq_terence
D:3:      layout_loops_ring, uniq_jessica, uniq_sigmund, uniq_natasha
D:4:      cheibrodos_thug_alley, layout_loops_ring, biasface_ghost_orc_armoury,
          cheibrodos_sewer_entry_sluice, hangedman_decor_peaks_small,
          minmay_diced_spiral
D:5:      layout_rooms, zin_purify, lemuel_crystal_altar, uniq_prince_ribbit1
D:6:      layout_rooms, mainiacjoe_overflow_24_doors, nicolae_overflows_in_rows,
          minmay_temple_entry_crystal_x, serial_shops, shop
D:7:      minmay_clustersquares, layout_basic, serial_shops,
          nicolae_shop_hallway_stairs
D:8:      layout_basic, uniq_joseph, uniq_psyche
D:9:      layout_loops_ring, mainiacjoe_overflow_concentric_impassable,
          lair_entry_dummy, orc_0_dummy, chequers_serial_rivers_room_a,
          nicolae_hexahallways
D:10:     layout_roguey, serial_glass, glass_columns_b, glass_columns_c
Temple:   nicolae_temple_ecumenical_triangle

Skill      XL: |  1  2  3  4  5  6  7  8  9 10 |
---------------+-------------------------------+-----
Spellcasting   | 4 5 6 7 9 10 11 | 11.9
Earth Magic    | 4 |  4.0
Conjurations   | 1 3 4 5 7 8 |  8.3
Ice Magic      | 1 3 5 |  5.0
Fire Magic     | 1 4 5 |  5.2
Fighting       | 4 |  4.2
Shields        | 4 |  4.0
Necromancy     | 2 |  2.3
Hexes          | 4 |  4.5
Evocations     | 3 |  3.2
Dodging        | |  2.4
Stealth        | |  2.4
Transmutations | |  1.1

Action                     |  1- 3 |  4- 6 |  7- 9 | 10-12 || total
---------------------------+-------+-------+-------+-------++-------
  Melee: Short sword       |       |     4 |    10 |       ||    14
         Staff             |       |       |       |     4 ||     4
  Throw: Dart              |       |     4 |    12 |     5 ||    21
   Cast: Sandblast         |    73 |    50 |   127 |    27 ||   277
         Stone Arrow       |     2 |     2 |    55 |    39 ||    98
         Frozen Ramparts   |       |     3 |    13 |    14 ||    30
         Flame Wave        |       |       |       |    10 ||    10
         Ensorcelled Hiber |       |       |       |     6 ||     6
  Evoke: Wand              |       |       |     6 |     8 ||    14
    Use: Scroll            |     5 |     7 |     3 |     6 ||    21
         Potion            |     1 |     1 |     2 |     3 ||     7
   Stab: Sleeping          |       |       |       |     1 ||     1
 Armour: Robe              |     4 |     3 |     8 |     2 ||    17
         Steam dragon scal |       |       |       |     6 ||     6
  Dodge: Dodged            |    13 |    17 |    44 |    39 ||   113
  Block: Buckler           |       |       |     3 |    16 ||    19

Table legend: (Time is in decaauts)
 A = Elapsed time spent in this place.
 B = Non-inter-level travel time spent in this place.
 C = Inter-level travel time spent in this place.
 D = Time resting spent in this place.
 E = Time spent auto-exploring this place.
 F = Levels seen in this place.
 G = Mean time per level.
                   A        B        C        D        E       F      G
               +--------+--------+--------+--------+--------+-----+--------+
         Total |  12835 |  12573 |    262 |   4710 |   6151 |  12 | 1069.6 |
       Dungeon |  11793 |  11537 |    256 |   4556 |   5486 |  10 | 1179.3 |
        Temple |     50 |     44 |      6 |      0 |     40 |   1 |   50.0 |
         Sewer |    991 |    991 |      0 |    154 |    625 |   1 |  991.0 |
               +--------+--------+--------+--------+--------+-----+--------+

Top non-repeatable levels by time:
     D:9: 2459 daAuts
     D:4: 1719 daAuts
     D:7: 1570 daAuts
     D:6: 1394 daAuts
     D:1: 1224 daAuts
     D:5: 1011 daAuts
   Sewer: 991 daAuts
     D:3: 904 daAuts
     D:2: 770 daAuts
     D:8: 722 daAuts
  Temple: 50 daAuts
    D:10: 16 daAuts
